 Dungeon Crawl Stone Soup version 0.28-a0-1334-g1c9ffb4daf (webtiles) character file.

Game seed: 2417025645651005633

22 Cheeritup the Poker (level 2, 0/23 HPs)
             Began as a Merfolk Gladiator on Dec 28, 2021.
             Succumbed to an adder's poison
             ... on level 2 of the Dungeon.
             The game lasted 00:03:11 (972 turns).

Cheeritup the Poker (Merfolk Gladiator)              Turns: 972, Time: 00:03:11

Health: 0/23       AC:  4    Str: 20    XL:     2   Next: 91%
Magic:  3/3        EV: 14    Int:  7    God:
Gold:   32         SH:  0    Dex: 21    Spells: 2/2 levels left

rFire   . . .      SeeInvis .   k - +2 whip (drain)
rCold   . . .      Faith    .   (no shield)
rNeg    . . .      Spirit   .   b - +0 leather armour
rPois   .          Reflect  .   c - +0 helmet
rElec   .          Harm     .   (no cloak)
rCorr   .          Rampage  .   (no gloves)
Will    .....                   (no boots)
Stlth   ++........              (no amulet)
HPRegen 0.07/turn               i - +6 ring of strength
MPRegen 0.08/turn               j - +6 ring of dexterity

@: lethally poisoned (0 -> -5)
A: (nimble swimmer 2), mertail
a: no special abilities


You were on level 2 of the Dungeon.
You visited 1 branch of the dungeon, and saw 2 of its levels.

You collected 32 gold pieces.

Inventory:

Hand Weapons
 a - a +0 trident
 e - a +1 vampiric short sword
 k - a +2 whip of draining (weapon)
Missiles
 d - 3 throwing nets (quivered)
Armour
 b - a +0 leather armour (worn)
 c - a +0 helmet (worn)
Jewellery
 i - a +6 ring of strength (left hand)
 j - a +6 ring of dexterity (right hand)
Scrolls
 f - a scroll of vulnerability {unknown}
Potions
 g - a potion of haste {unknown}
 h - a potion of degeneration {unknown}


   Skills:
 + Level 2.7 Fighting
 + Level 4.9 Polearms
 - Level 2.1 Throwing
 - Level 4.1 Dodging
 + Level 0.9 Spellcasting


You had 2 spell levels left.
You didn't know any spells.
Your spell library contained the following spells:

 Spells                   Type           Power      Damage    Failure   Level
 Summon Small Mammal      Summ           0%         N/A       45%         1
 Call Canine Familiar     Summ           0%         N/A       83%         3
 Summon Guardian Golem    Hex/Summ       0%         N/A       83%         3


Dungeon Overview and Level Annotations

Branches:
Dungeon (2/15)

Altars:


Innate Abilities, Weirdness & Mutations

((You are very nimble when in or above water. (Stealth+, EV+, Speed+++)))
Your lower body shifts to a powerful aquatic tail in water.


Message History

You see here a +0 dagger.
An adder comes into view.
Found a scroll labelled PEAS MARAYGIDGH.
Found a puce potion and 7 gold pieces.
An endoplasm comes into view.
Found a fuming yellow potion.
A ball python comes into view.
Found a stone staircase leading down.
The adder hisses angrily.
Found a purple potion.
The endoplasm quivers.
The adder misses you.
You barely miss the adder. The adder bites you.
You closely miss the adder.
The ball python hisses angrily.
The adder completely misses you. The adder barely misses you.
The endoplasm freezes you.
You are frozen.
You closely miss the adder. The adder barely misses you.
The endoplasm freezes you.
You are frozen.
You are too injured to fight recklessly!
You are too injured to fight recklessly!
The adder barely misses you.
You completely miss the adder. The adder completely misses you.
The endoplasm barely misses you.
You hit the adder.
The adder is heavily wounded.
The adder bites you.
You are poisoned.
The adder poisons you! The ball python bites you.
* * * LOW HITPOINT WARNING * * *
The ball python closely misses you. The endoplasm freezes you.
You are frozen.
* * * LOW HITPOINT WARNING * * *
The adder closely misses you.
You hit the adder. You drain the adder.
You kill the adder!
You die...

#( ## ### #. ..... ..#
#######. .......###.#
........ #........#.#
##########.
##.....#.#.#####..........
....##.#........(.........
##..!.........##.....###..
.!.......@.#####....)###..
#...#?..JS# #..........
#.!.......# ####.......
#.###...#$# #.####..
#....... #.# #.. #...#####
#.# #...# #.# #.... #.#
#..>. ...


You could see an endoplasm and a ball python.

Vanquished Creatures
  An adder (D:2)
  2 dart slugs (D:1)
  2 endoplasms (D:1)
  3 hobgoblins (D:1)
  A bat (D:1)
  A frilled lizard (D:1)
  5 goblins
  A kobold (D:1)
  2 rats
18 creatures vanquished.

Notes
Turn   | Place    | Note
-------+----------+-------------------------------------------
     0 | D:1      | Cheeritup the Merfolk Gladiator began the quest for the
                  | Orb.
     0 | D:1      | Reached XP level 1. HP: 16/16 MP: 1/1
   392 | D:1      | Reached XP level 2. HP: 20/23 MP: 2/2
   972 | D:2      | Succumbed to an adder's poison

Illustrated notes

Levels and vault maps discovered:
D:1:      giann_bridges, layout_basic
D:2:      layout_basic, chequers_mini_garden,
          nicolae_concentric_dashed_squares_mild

Action                   || total
-------------------------++-------
Melee: Trident           ||    14
       Short sword       ||    44
       Whip              ||    10
 Stab: Sleeping          ||     1
Armor: Leather armour    ||    12
Dodge: Dodged            ||    55

Table legend: (Time is in decaauts)
 A = Elapsed time spent in this place.
 B = Non-inter-level travel time spent in this place.
 C = Inter-level travel time spent in this place.
 D = Time resting spent in this place.
 E = Time spent auto-exploring this place.
 F = Levels seen in this place.
 G = Mean time per level.
                   A        B        C        D        E       F      G
               +--------+--------+--------+--------+--------+-----+--------+
         Total |    968 |    955 |     13 |      0 |    751 |   2 |  484.0 |
       Dungeon |    968 |    955 |     13 |      0 |    751 |   2 |  484.0 |
               +--------+--------+--------+--------+--------+-----+--------+

Top non-repeatable levels by time:
     D:1: 914 daAuts
     D:2: 53 daAuts
